 Dungeon Crawl Stone Soup version 0.31-a0-983-g7b6862f502 (webtiles) character file.

Game seed: 17152061551673087887

249 Vomitron the Conjurer (level 6, -1/36 HPs)
             Began as an Octopode Conjurer on Nov 2, 2023.
             Slain by a gnoll
             ... wielding a +0 spear
             ... led by a gnoll bouda
              (9 damage)
             ... on level 4 of the Dungeon.
             The game lasted 00:05:25 (4145 turns).

Vomitron the Conjurer (Octopode Conjurer)           Turns: 4145, Time: 00:05:26

Health: -1/36      AC:  1    Str:  6    XL:     6   Next: 12%
Magic:  1/10       EV: 13    Int: 23    God:
Gold:   174        SH:  0    Dex: 10    Spells: 4/11 levels left

rFire   . . .        g - +1 spear (flame)
rCold   . . .        (no shield)
rNeg    . . .        h - +0 hat
rPois   .            d - amulet of the acrobat
rElec   .            (no ring)
rCorr   .            (no ring)
SInv    .            (no ring)
Will    .....        (no ring)
Stlth   +++          (no ring)
HPRegen 0.26/turn    (no ring)
MPRegen 0.12/turn    (no ring)
                     (no ring)

%: acrobat
@: no status effects
A: almost no armour, amphibious, 8 rings, camouflage 1, gelatinous body 1,
(nimble swimmer 1), tentacles
a: no special abilities


You were on level 4 of the Dungeon.
You visited 1 branch of the dungeon, and saw 4 of its levels.

You collected 213 gold pieces.
You spent 39 gold pieces at shops.

Inventory:

Hand Weapons
 c - a +0 dagger
 g - a +1 spear of flaming (weapon)
Armour
 h - a +0 hat (worn)
Jewellery
 d - an amulet of the acrobat (around mantle)
Scrolls
 b - a scroll of revelation {unknown}
 i - a scroll of enchant armour {unknown}
 j - a scroll of vulnerability {unknown}
 l - a scroll of teleportation {unknown}
 n - a scroll of blinking {unknown}
Potions
 a - a potion of magic
 e - 2 potions of lignification {unknown}
 f - a potion of resistance {unknown}
 k - a potion of heal wounds {unknown}
 m - a potion of brilliance {unknown}
 o - a potion of curing
 p - a potion of enlightenment {unknown}
 q - a potion of berserk rage {unknown}


   Skills:
 - Level 2.0 Dodging
 + Level 4.7 Stealth
 + Level 3.1 Spellcasting
 * Level 5.6 Conjurations
 + Level 1.6 Hexes


You had 4 spell levels left.
You knew the following spells:

 Your Spells              Type           Power      Damage    Failure   Level
a - Magic Dart            Conj           100%       1d8       1%          1
b - Searing Ray           Conj           58%        2d6       1%          2
c - Fulminant Prism       Conj/Hex       10%        3d9       26%         4

Your spell library contained the following spells:

 Spells                   Type           Power      Damage    Failure   Level
 Static Discharge         Conj/Air       32%        3-5/arc   5%          2
 Dazzling Flash           Conj/Hex       40%        N/A       8%          3
 Iskenderun's Mystic Bla  Conj/Tloc      16%        2d5       34%         4
 Airstrike                Air            1%         2d(1-17)  75%         4
 Summon Lightning Spire   Summ/Air       3%         N/A       75%         4


Dungeon Overview and Level Annotations

Branches:
Dungeon (4/15)
 Temple: D:4-7

Altars:

Shops:
D:3 [![

Annotations:
D:4 Edmund


Innate Abilities, Weirdness & Mutations

You cannot wear most types of armour.
You are amphibious.
You can wear up to eight rings at the same time.
Your skin changes colour to match your surroundings (Stealth+).
Your rubbery body absorbs attacks. (AC +1, EV +1)
((You are camouflaged when in or above water. (Stealth+)))
You have tentacles for arms and can constrict up to eight enemies at once.


Message History

The searing ray hits the gnoll bouda!
The gnoll bouda is heavily wounded.
You finish channelling your searing ray.
Casting: Searing Ray (safe; 1% risk of failure)
Confirm with . or Enter, or press ? or * to list all spells.
You don't know that spell.
Casting: Searing Ray (safe; 1% risk of failure)
Confirm with . or Enter, or press ? or * to list all spells.
Aiming: Searing Ray (safe; 1% risk of failure)
Press: ? - help, Shift-Dir - straight line The searing ray hits Edmund but does no damage.
Edmund is lightly wounded.
The searing ray hits the gnoll bouda!
The gnoll bouda is almost dead. (Press . to maintain the ray.)
The gnoll shouts!
The gnoll is no longer moving quickly.
The gnoll bouda barks out a call to the hunt!
The gnoll picks up the pace!
Edmund hits you with a +0 flail of protection.
* * * LOW HITPOINT WARNING * * *
You hear a shout! x2
Unknown command.
The searing ray hits Edmund!
Edmund is moderately wounded.
The searing ray hits the gnoll bouda!
You kill the gnoll bouda!
The searing ray hits the gnoll.
The gnoll is moderately wounded.
Edmund closely misses you.
You have reached level 6!
You closely miss Edmund. You grab Edmund.
Edmund is moderately wounded.
You constrict Edmund, but do no damage.
The gnoll is no longer moving quickly.
The gnoll closely misses you. Edmund closely misses you.
You hit Edmund but do no damage.
Edmund is moderately wounded.
You constrict Edmund, but do no damage.
The gnoll hits you from afar with a +0 spear!
You die...

#.g# ..# ##@# # .# 'o.#
#.## ##s ######## #..#
..| #......# ##.## #.#
#.#..#.# #..#
...#......# ##..#
#.#.#.#......#####g..##
#.....).#..#.#.@@g.#..#
#.)......######.#
########## #)##
###..######
#>........####
#.............
##........####
#..........##
##.#.........#


You could see Edmund and 2 gnolls.

Vanquished Creatures
  A scorpion (D:4)
  A gnoll bouda (D:4)
  An orc wizard (D:4)
  A gnoll (D:4)
  4 adders
  5 worms
  2 dart slugs
  An orc (D:4)
  3 ball pythons
  4 endoplasms
  6 giant cockroaches
  8 goblins
  8 hobgoblins
  A kobold (D:2)
  5 quokkas
  10 bats
  6 frilled lizards
  5 rats
72 creatures vanquished.

Notes
Turn   | Place    | Note
-------+----------+-------------------------------------------
     0 | D:1      | Vomitron the Octopode Conjurer began the quest for the Orb.
     0 | D:1      | Reached XP level 1. HP: 11/11 MP: 3/3
   107 | D:1      | Reached XP level 2. HP: 17/17 MP: 3/5
   223 | D:1      | Found a faded altar of an unknown god.
   394 | D:1      | Learned a level 2 spell: Searing Ray
   676 | D:1      | Reached XP level 3. HP: 21/21 MP: 4/6
  1894 | D:2      | Reached XP level 4. HP: 24/27 MP: 3/7
  2900 | D:3      | Found Ykamoeg's Antique Armour Shop.
  3050 | D:3      | Found Zucumeud's Armour Shop.
  3101 | D:3      | Found Fyurank's Distillery.
  3109 | D:3      | Bought a potion of curing for 39 gold pieces
  3237 | D:3      | Reached skill level 5 in Conjurations
  3846 | D:4      | Noticed a scorpion
  3940 | D:4      | Learned a level 4 spell: Fulminant Prism
  3954 | D:4      | Killed a scorpion
  3955 | D:4      | Reached skill level 1 in Hexes
  3955 | D:4      | Reached XP level 5. HP: 29/31 MP: 3/9
  4124 | D:4      | Noticed Edmund
  4144 | D:4      | Reached XP level 6. HP: 8/36 MP: 0/10
  4145 | D:4      | Slain by a gnoll

Illustrated notes

Levels and vault maps discovered:
D:1:      dpeg_arrival_subterranean_lakeside_camping, layout_basic,
          serial_rivers, chequers_serial_rivers_small_3,
          chequers_serial_rivers_large_b, chequers_serial_rivers_large_a,
          chequers_serial_rivers_room_b, hellmonk_ecumenical_altar_crossroads
D:2:      layout_basic
D:3:      layout_basic, serial_shops, nicolae_shop_hallway_plus, shop_statue,
          nicolae_diamond_shop, eino_curves_04
D:4:      minmay_clustersquares, layout_cave_pods, serial_bayou,
          serial_bayou_ford_a, serial_bayou_shore_a, serial_bayou_pond_a,
          serial_bayou_lagoon_a, uniq_edmund

Skill      XL: |  1  2  3  4 |
---------------+-------------+-----
Stealth        | 3 4 |  4.7
Conjurations   | 5 |  5.6
Spellcasting   | 3 |  3.1
Hexes          | 1 |  1.6
Dodging        | |  2.0

Action                     |  1- 3 |  4- 6 || total
---------------------------+-------+-------++-------
  Melee: Unarmed           |     4 |       ||     4
         Dagger            |     6 |       ||     6
         Tentacles         |     2 |       ||     2
         Spear             |     5 |     5 ||    10
         Constrict         |     1 |     1 ||     2
   Cast: Magic Dart        |    84 |    62 ||   146
         Searing Ray       |       |     4 ||     4
   Stab: Sleeping          |     1 |       ||     1
 Armour: Skin              |     6 |    11 ||    17
  Dodge: Dodged            |     7 |    12 ||    19

Table legend: (Time is in decaauts)
 A = Elapsed time spent in this place.
 B = Non-inter-level travel time spent in this place.
 C = Inter-level travel time spent in this place.
 D = Time resting spent in this place.
 E = Time spent auto-exploring this place.
 F = Levels seen in this place.
 G = Mean time per level.
                   A        B        C        D        E       F      G
               +--------+--------+--------+--------+--------+-----+--------+
         Total |   4144 |   4022 |    122 |    279 |   3287 |   4 | 1036.0 |
       Dungeon |   4144 |   4022 |    122 |    279 |   3287 |   4 | 1036.0 |
               +--------+--------+--------+--------+--------+-----+--------+

Top non-repeatable levels by time:
     D:1: 1554 daAuts
     D:2: 1279 daAuts
     D:3: 948 daAuts
     D:4: 362 daAuts
